 Dungeon Crawl Stone Soup version 0.19-a0-749-g66ae36b (webtiles) character file.

21 FrankyJ the Magician (level 2, -3/19 HPs)
             Began as a Mummy Wizard on June 24, 2016.
             Slain by an adder (5 damage)
             ... on level 2 of the Dungeon.
             The game lasted 00:05:20 (1179 turns).

FrankyJ the Magician (Mummy Wizard)                 Turns: 1179, Time: 00:05:21

Health: -3/19      AC:  2    Str: 10    XL:     2   Next: 62%
Magic:  2/6        EV:  7    Int: 17    God:
Gold:   5          SH:  0    Dex: 10    Spells: 2 memorised, 5 levels left

rFire  x . .     SeeInvis .     e - +0 short sword
rCold  + . .     Gourm    .     a - +0 robe
rNeg   + + +     Faith    .     (no shield)
rPois  ∞         Spirit   .     b - +0 hat
rElec  .         Dismiss  .     (no cloak)
rCorr  .         Reflect  .     (no gloves)
SustAt .         Harm     .     (no boots)
MR     .....                    (no amulet)
Stlth  ++........               (no ring)
                                (no ring)

@: not resistant to hostile enchantments, unstealthy
A: no food or potions, fire vulnerability, cold resistance 1, negative energy
resistance 3, torment resistance, unbreathing
a: no special abilities


You were on level 2 of the Dungeon.
You were not hungry.

You visited 1 branch of the dungeon, and saw 2 of its levels.

You collected 5 gold pieces.

Inventory:

Hand Weapons
 e - a +0 short sword (weapon)
 i - a +0 mace
Missiles
 j - 3 needles of sleeping
 k - 15 poisoned needles
Armour
 a - a +0 robe (worn)
 b - a +0 hat (worn)
Scrolls
 d - a scroll of recharging {unknown}
 f - a scroll of enchant armour {unknown}
 g - a scroll of identify {unknown}
 h - a scroll of remove curse {unknown}
 l - a scroll of fog {unknown}
Books
 c - a book of Minor Magic

   Spells                             Type                      Level
   a - Magic Dart                     Conjuration                  1
   b - Blink                          Translocation                2
   c - Call Imp                       Summoning                    2
   d - Repel Missiles                 Charms/Air                   2
   e - Slow                           Hexes                        2
   f - Conjure Flame                  Conjuration/Fire             3
   g - Mephitic Cloud                 Conjuration/Poison/Air       3


   Skills:
 + Level 1.7 Dodging
 - Level 1.5 Stealth
 + Level 3.6 Spellcasting
 * Level 1.0 Conjurations
 + Level 0.7 Summonings
   Level 0.7 Translocations


You had 5 spell levels left.
You knew the following spells:

 Your Spells              Type           Power        Failure   Level  Hunger
a - Magic Dart            Conj           #...         14%         1    N/A
b - Call Imp              Summ           #.......     21%         2    N/A

Dungeon Overview and Level Annotations

Branches:
Dungeon (2/15)

Altars:


Innate Abilities, Weirdness & Mutations

You do not eat or drink.
Your flesh is vulnerable to fire.
You are immune to poison.
Your flesh is cold resistant. (rC+)
You are immune to negative energy. (rN+++)
You are immune to unholy pain and torment.
You can survive without breathing.


Message History

The adder closely misses you. The dart slug barely misses you.
The adder completely misses you.
Your magical contamination has completely faded away.
The adder bites you.
* * * LOW HITPOINT WARNING * * *
There is an open door here.
Casting: Magic Dart
Confirm with . or Enter, or press ? or * to list all spells.
You don't have enough magic to cast that spell.
Sorry, you're not good enough to have a special ability.
Unknown command.
You can't drink.
Okay, then.
The adder closely misses you. The adder misses you.
There is a stone staircase leading down here.
The adder bites you.
* * * LOW HITPOINT WARNING * * *
The adder bites you.
You die...

........###.#....#
#.#######.#
........###.#....# #.#
#.#
.......w'...#....###.#
#.#
........###w......##.#
#.# #########
##.#.(..##.#######.#
#......##.#.......#
##.K...##.#5#######
##(S#####.#.#
#..@†.....#.#
#.#.#######.# #(#.#
#.# #.#.# #5# ..#.#
#.# ###.# #.#
#.#######.#
..#..55...#
###.#######


You could see an adder, a dart slug and a kobold.

Vanquished Creatures
  An adder (D:2)
  A dart slug (D:1)
  A goblin (D:1)
  6 kobolds
  A bat (D:1)
  2 rats (D:1)
12 creatures vanquished.

Vanquished Creatures (collateral kills)
  A worm (D:2)
  A ball python (D:2)
2 creatures vanquished.

Grand Total: 14 creatures vanquished

Notes
Turn   | Place    | Note
--------------------------------------------------------------
     0 | D:1      | FrankyJ the Mummy Wizard began the quest for the Orb.
     0 | D:1      | Reached XP level 1. HP: 13/13 MP: 4/4
   547 | D:1      | Reached XP level 2. HP: 19/19 MP: 3/6
  1002 | D:2      | Learned a level 2 spell: Call Imp
  1164 | D:2      | Reached skill level 1 in Conjurations
  1179 | D:2      | Slain by an adder

Vault maps used:
D:1:      lightli_arrival_isolated_outpost
D:2:      minmay_pentomino_s4

Skill      XL: |  1  2 |
---------------+-------+-----
Conjurations   | 1 |  1.0
Dodging        | |  1.7
Stealth        | |  1.5
Spellcasting   | |  3.6
Summonings     | |  0.7
Translocations | |  0.7

Action                   || total
-------------------------++-------
Melee: Short sword       ||    22
 Cast: Magic Dart        ||    20
       Call Imp          ||     6
 Stab: Sleeping          ||     1
Armor: Robe              ||     2
Dodge: Dodged            ||    31
